 Dungeon Crawl Stone Soup version 0.31.0-4-g52a2dc7128 (webtiles) character file.

Game seed: 18212315443164370517

392 harryby the Digger (level 6, -2/37 HPs)
             Began as an Octopode Earth Elementalist on Jan 22, 2024.
             Was a Priest of Fedhas.
             Slain by a gnoll
             ... wielding a +0 club
             ... led by a gnoll bouda
              (4 damage)
             ... on level 5 of the Dungeon.
             The game lasted 00:15:14 (2503 turns).

harryby the Digger (Octopode Earth Elementalist)    Turns: 2503, Time: 00:15:16

Health: -2/37      AC:  1    Str:  6    XL:     6   Next: 81%
Magic:  8/13       EV: 13    Int: 23    God:    Fedhas [***...]
Gold:   134        SH:  0    Dex: 12    Spells: 12/13 levels left

rFire   . . .        (no weapon)
rCold   . . .        (no shield)
rNeg    . . .        (helmet restricted)
rPois   .            (no amulet)
rElec   .            (no ring)
rCorr   .            (no ring)
SInv    .            (no ring)
Will    .....        (no ring)
Stlth   +++          (no ring)
HPRegen 0.26/turn    (no ring)
MPRegen 0.13/turn    (no ring)
                     (no ring)

%: no passive effects
@: weakened
A: almost no armour, amphibious, 8 rings, camouflage 1, gelatinous body 1,
(nimble swimmer 1), tentacles, clever 1, high MP 1, persistent drain
a: Renounce Religion, Wall of Briars, Grow Ballistomycete


You were on level 5 of the Dungeon.
You worshipped Fedhas.
Fedhas was most pleased with you.
You visited 1 branch of the dungeon, and saw 5 of its levels.

You collected 134 gold pieces.

Inventory:

Hand Weapons
 e - a +0 dagger
 g - a +0 club
 j - a +0 trident
Missiles
 c - a throwing net
 f - 34 stones
Armour
 i - a +0 ring mail
Magical Staves
 m - a staff of earth
Talismans
 v - a beast talisman
Wands
 t - a wand of paralysis (13)
Scrolls
 b - a scroll of vulnerability {unknown}
 h - a scroll of brand weapon {unknown}
 l - a scroll of enchant armour {unknown}
 p - a scroll of poison {unknown}
 q - a scroll of immolation {unknown}
 r - a scroll of fog {unknown}
Potions
 a - 2 potions of magic
 d - 2 potions of cancellation
 k - a potion of attraction
 n - 2 potions of curing {unknown}
 o - a potion of enlightenment {unknown}
 s - a potion of lignification
 u - a potion of might {unknown}


   Skills:
 + Level 0.8 Fighting
 + Level 2.4 Dodging
 + Level 4.0 Stealth
 + Level 4.4 Spellcasting
 + Level 1.1 Conjurations
 + Level 5.1 Earth Magic


You had 12 spell levels left.
You knew the following spells:

 Your Spells              Type           Power      Damage    Failure   Level
a - Sandblast             Erth           56%        2d13      1%          1

Your spell library contained the following spells:

 Spells                   Type           Power      Damage    Failure   Level
 Passwall                 Erth           28%        N/A       3%          3
 Sting                    Conj/Alch      28%        1d4       9%          1
 Stone Arrow              Conj/Erth      38%        3d9       9%          3
 Necrotise                Necr           20%        1d5       10%         1
 Mercury Vapours          Alch/Air       10%        N/A       16%         2
 Brom's Barrelling Bould  Conj/Erth      19%        2d4       26%         4
 Call Canine Familiar     Summ           5%         N/A       30%         3
 Sigil of Binding         Hex            5%         N/A       30%         3
 Vampiric Draining        Necr           5%         2d6       30%         3
 Petrify                  Alch/Erth      16%        N/A       34%         4
 Dimensional Bullseye     Hex/Tloc       2%         N/A       69%         4
 Martyr's Knell           Necr/Summ      5%         N/A       69%         4
 Olgreb's Toxic Radiance  Alch           5%         N/A       69%         4
 Curse of Agony           Necr           5%         N/A       95%         5


Dungeon Overview and Level Annotations

Branches:
Dungeon (5/15)
 Temple: D:4-7

Altars:
Dithmenos
Fedhas

Shops:
D:4 =


Innate Abilities, Weirdness & Mutations

You cannot wear most types of armour.
You are amphibious.
You can wear up to eight rings at the same time.
Your skin changes colour to match your surroundings (Stealth+).
Your rubbery body absorbs attacks. (AC +1, EV +1)
((You are camouflaged when in or above water. (Stealth+)))
You have tentacles for arms and can constrict up to eight enemies at once.
Your mind is acute. (Int +4, Str/Dex -1)
You have an increased reservoir of magic. (+10% MP)
Your health recovers twice as slowly from being drained.


Message History

Fedhas appreciates your contribution to the ecosystem.
The gnoll shouts!
A gnoll bouda comes into view. It is wielding a +0 club.
The gnoll bouda shouts!
The gnoll barely misses you.
The gnoll bouda barks out a call to the hunt!
The gnolls pick up the pace!
Aiming: Sandblast (safe; 1% risk of failure)
Press: ? - help, Q - select action, (/) - cycle Shift-Dir - straight line, f - gnoll
Aim: a gnoll, wielding a +0 flail (covering ground quickly, 85% to hit)
The blast of sand hits the gnoll!!
You kill the gnoll!
Fedhas appreciates your contribution to the ecosystem.
A gnoll comes into view. It is wielding a +0 club.
The gnoll barely misses you.
An ogre comes into view. It is wielding a +0 giant club.
The gnoll hits you from afar with a +0 spear.
Aiming: Sandblast (safe; 1% risk of failure)
Press: ? - help, Q - select action, (/) - cycle Shift-Dir - straight line, f - gnoll
Aim: a gnoll, wielding a +0 club (covering ground quickly, 85% to hit)
The blast of sand hits the gnoll.
The gnoll is lightly wounded.
The gnoll shouts!
The gnoll misses you. x2
The gnoll hits you from afar with a +0 spear.
The gnoll hits you with a +0 club.
The gnoll hits you from afar with a +0 spear!
* * * LOW HITPOINT WARNING * * *
The gnoll bouda gazes fiercely through you!
You feel your attacks grow feeble. The gnoll attacks as it pursues you!
The gnoll hits you from afar with a +0 spear!
* * * LOW HITPOINT WARNING * * *
Aiming: Sandblast (safe; 1% risk of failure)
Press: ? - help, Q - select action, (/) - cycle Shift-Dir - straight line, f/p - gnoll
Aim: a gnoll, wielding a +0 club (lightly wounded, covering ground quickly, 85% to hit)
The blast of sand misses the gnoll.
The gnoll hits you with a +0 club.
You die...
Fedhas appreciates your contribution to the ecosystem.

#......####.##..#
###........ ......#
.......#.# #.##..#
.........####.##..###
.......# ..........
P....).# #.##..######.
...♣...######............
##.#............g..g.....
#..............@g##...#.
####...##........).......
..................g).....
.###...##.###.#.#.#.O....
.......##.# ###.#.#......
##....##.# #.#.#......
##...##.## #.#.# ..#.#
####........ ..... .....
..##....#.## .#


You could see an ogre, a gnoll bouda and 3 gnolls.

Vanquished Creatures
  An ogre (D:4)
  A bullfrog (D:4)
  A jelly (D:4)
  3 hounds
  An iguana (D:5)
  2 gnolls (D:5)
  An adder (D:4)
  A white imp (D:5)
  An ufetubus (D:5)
  A ribbon worm (D:2)
  4 orcs
  5 ball pythons
  8 endoplasms
  3 giant cockroaches
  4 goblins
  5 hobgoblins
  2 quokkas
  2 bats (D:1)
  4 frilled lizards
  7 kobolds
  4 rats
61 creatures vanquished.

Notes
Turn   | Place    | Note
-------+----------+-------------------------------------------
     0 | D:1      | harryby the Octopode Earth Elementalist began the quest for
                  | the Orb.
     0 | D:1      | Reached XP level 1. HP: 11/11 MP: 3/3
   276 | D:1      | Reached XP level 2. HP: 17/17 MP: 3/5
   413 | D:1      | Found a faded altar of an unknown god.
   426 | D:1      | Prayed at the altar of an unknown god.
   426 | D:1      | Became a worshipper of Fedhas Madash
   426 | D:1      | Reached * piety under Fedhas
   904 | D:2      | Reached XP level 3. HP: 21/21 MP: 4/6
   962 | D:2      | Identified the +2 robe of Rationality {^Contam +Blink
                  | Dex+3}
  1373 | D:3      | Reached XP level 4. HP: 9/27 MP: 3/8
  1376 | D:3      | Reached ** piety under Fedhas
  1648 | D:4      | Reached skill level 4 in Earth Magic
  1681 | D:4      | Gained mutation: Your mind is acute. (Int +4, Str/Dex -1)
                  | [potion of mutation]
  1681 | D:4      | Gained mutation: Your health recovers twice as slowly from
                  | being drained. [potion of mutation]
  1681 | D:4      | Gained mutation: You have an increased reservoir of magic.
                  | (+10% MP) [potion of mutation]
  1804 | D:4      | Noticed an ogre
  1810 | D:4      | Killed an ogre
  1811 | D:4      | Reached XP level 5. HP: 32/32 MP: 7/11
  1821 | D:4      | Found Lav Aram's Jewellery Shoppe.
  1913 | D:4      | Reached XP level 6. HP: 37/37 MP: 9/13
  2014 | D:4      | Found a shadowy altar of Dithmenos.
  2025 | D:4      | Reached skill level 5 in Earth Magic
  2329 | D:5      | Entered Level 5 of the Dungeon
  2492 | D:5      | Reached *** piety under Fedhas
  2503 | D:5      | Slain by a gnoll

Illustrated notes

Levels and vault maps discovered:
D:1:      dpeg_arrival_another_circle, layout_basic,
          ebering_ecumenical_altar_rust
D:2:      layout_loops_cross, chequers_serial_rivers_room_a,
          minmay_misc_feat_enclosed
D:3:      layout_rooms
D:4:      layout_cave_pools, mainiacjoe_overflow_small_starburst, serial_shops,
          nicolae_shop_rolling_square
D:5:      layout_basic, serial_demonic, serial_demonic_f, serial_demonic_a,
          serial_demonic_d, serial_demonic_g, serial_demonic_g,
          serial_demonic_a, serial_demonic_b, serial_demonic_d

Skill      XL: |  1  2  3  4  5  6 |
---------------+-------------------+-----
Stealth        | 3 4 |  4.0
Spellcasting   | 3 4 |  4.4
Earth Magic    | 4 5 |  5.1
Fighting       | |  0.8
Dodging        | |  2.4
Conjurations   | |  1.1

Action                     |  1- 3 |  4- 6 || total
---------------------------+-------+-------++-------
  Melee: Unarmed           |     3 |       ||     3
         Dagger            |     2 |       ||     2
         Constrict         |     2 |       ||     2
         Tentacles         |     2 |       ||     2
   Cast: Sandblast         |    33 |    49 ||    82
    Use: Scroll            |       |     4 ||     4
         Potion            |       |     1 ||     1
 Armour: Skin              |    14 |    18 ||    32
  Dodge: Dodged            |    13 |    19 ||    32
